 Dungeon Crawl Stone Soup version 0.20-a0-277-g7db01f4 (webtiles) character file.

3637 gamerape the Covert (level 10, -6/68 HPs)
             Began as an Octopode Assassin on Dec 11, 2016.
             Was a Priest of Dithmenos.
             Mangled by a yak (9 damage)
             ... on level 9 of the Dungeon.
             The game lasted 00:33:52 (8167 turns).

gamerape the Covert (Octopode Assassin)             Turns: 8167, Time: 00:33:52

Health: -6/68      AC:  1    Str: 14    XL:     10   Next: 11%
Magic:  13/13      EV: 15    Int: 13    God:    Dithmenos [***...]
Gold:   393        SH:  0    Dex: 14    Spells: 9/9 levels left

rFire  . . .     SeeInvis .     a - +2 short sword (venom)
rCold  . . .     Gourm    +     (no shield)
rNeg   . . .     Faith    .     (helmet restricted)
rPois  +         Spirit   .     D - amulet of the gourmand
rElec  .         Reflect  .     I - ring of poison resistance
rCorr  .         Harm     .     (no ring)
MR     .....                    (no ring)
Stlth  ++++++++..               (no ring)
                                (no ring)
                                (no ring)
                                (no ring)
                                (no ring)

@: wreathed by umbra
A: almost no armour, stealthy swim, amphibious, 8 rings, constrict 8, camouflage
1, gelatinous body 1
a: Shadow Step, Renounce Religion


You were on level 9 of the Dungeon.
You worshipped Dithmenos.
Dithmenos was most pleased with you.
You were completely stuffed.

You visited 1 branch of the dungeon, and saw 9 of its levels.
You also visited: Sewer.

You collected 393 gold pieces.

Inventory:

Hand Weapons
 a - a +2 short sword of venom (weapon)
 b - a +0 blowgun
 F - a +2 dagger of holy wrath
Missiles
 c - 84 poisoned needles
 d - 2 curare-tipped needles
 w - 4 tomahawks (quivered)
Armour
 J - a +0 large shield
Jewellery
 D - an amulet of the gourmand (around mantle)
 I - a ring of poison resistance (left tentacle)
Scrolls
 g - a scroll of magic mapping {unknown}
 i - a scroll of enchant armour
 o - 4 scrolls of identify
 v - 4 scrolls of teleportation
 y - 3 scrolls of amnesia
 A - 3 scrolls of remove curse
 C - 2 scrolls of recharging {unknown}
 G - 2 scrolls of blinking {unknown}
Potions
 m - a potion of invisibility {unknown}
 n - 2 potions of flight {unknown}
 p - 3 potions of brilliance
 q - 2 potions of lignification
 r - a potion of cure mutation
 s - 2 potions of might {unknown}
 u - a potion of haste {unknown}
 x - a potion of magic {unknown}
 z - 4 potions of curing {unknown}
 B - 2 potions of resistance {unknown}
 K - a potion of agility {unknown}
Books
 l - Sif Muna's Tome of the Rocks
   (You found it on level 3 of the Dungeon)

   Spells                             Type                      Level
   a - Sandblast                      Earth                        1
 H - a book of Misfortune

   Spells                             Type                      Level
   a - Confusing Touch                Hexes                        1
   b - Confuse                        Hexes                        3
   c - Gell's Gravitas                Hexes/Translocation          3
   d - Petrify                        Transmutation/Earth          4
   e - Metabolic Englaciation         Hexes/Ice                    5
   f - Yara's Violent Unravelling     Hexes/Transmutation          5
Comestibles
 f - 9 bread rations
 h - 4 fruits
 k - a slice of pizza
 t - 4 beef jerkies
 E - 2 meat rations


   Skills:
 * Level 5.7 Fighting
 + Level 8.1 Short Blades
 + Level 3.7 Throwing
 * Level 4.5 Dodging
 + Level 11.9 Stealth
 * Level 4.5 Invocations


You had 9 spell levels left.
You didn't know any spells.

Dungeon Overview and Level Annotations

Branches:
Dungeon (9/15)             Temple (0/1) D:4
   Lair: D:8-11         Orc: D:9-12

Altars:
Cheibriados
Dithmenos
Kikubaaqudgha
Sif Muna
Zin


Innate Abilities, Weirdness & Mutations

You cannot wear most types of armour.
You are very stealthy in the water. (Stealth+)
You are amphibious.
You can wear up to eight rings at the same time.
You can use your tentacles to constrict eight enemies at once.
Your skin changes colour to match your surroundings (Stealth+).
Your rubbery body absorbs attacks. (AC +1, EV +1)


Message History

You constrict the crimson imp. The crimson imp barely misses you.
You release your grip on the crimson imp.
The yak completely misses you. The death yak gores you!!
* * * LOW HITPOINT WARNING * * *
The crimson imp closely misses you.
You climb downwards.
There is a stone staircase leading up here.
The yak gores you!
* * * LOW HITPOINT WARNING * * *
The death yak misses you.
The orc shouts!
The yak misses you.
The crimson imp throws a stone.
The stone barely misses you.
Okay, then.
As you read the scroll labeled NEAWAXT MYIJ, it crumbles to dust.
You hear a loud clanging noise!
It was a scroll of noise.
You hear an angry hiss.
The yak gores you!
You die...

########.#####.#
.........# #.# ##.##.##.#
#.# #. #....# #.#
#.#####.#####.#
#......<#.....#
##...<5.#.#####
#..[YY.#.# #...o@.#.#
#......#.# #......#.#####
#..(...#.#...##
###.####......#
########...........#
#.......######.....#
#.........# ##...##
.#.###.....######.#######


You could see a death yak, a yak, a crimson imp and an orc.

Vanquished Creatures
  Prince Ribbit (D:6)
  2 yaks (D:9)
  Edmund (D:6)
  2 water moccasins (D:7)
  A black bear (D:7)
  2 orc warriors
  A sky beast (D:5)
  2 ogres
  5 big kobolds (Sewer)
  3 bullfrogs
  A gnoll sergeant (D:8)
  A scorpion (D:5)
  A water moccasin skeleton (D:4)
  An electric eel (D:8)
  7 crimson imps
  A jelly (D:8)
  7 hounds
  4 orc priests
  9 orc wizards
  Crazy Yiuf (D:7)
  A centaur skeleton (D:8)
  4 iguanas
  9 worker ants
  A hound zombie (D:7)
  A howler monkey zombie (D:6)
  2 worker ant zombies (D:7)
  3 gnolls (D:8)
  2 howler monkey skeletons (D:5)
  A river rat (Sewer)
  15 adders
  7 oozes
  2 adder skeletons
  A worm (D:3)
  A dart slug (D:1)
  2 leopard geckos (D:3)
  21 orcs
  5 ball pythons (Sewer)
  6 bats
  7 giant cockroaches
  3 goblins
  5 hobgoblins
  16 jackals
  3 quokkas
  6 frilled lizards
  2 jackal skeletons
  15 kobolds
  2 quokka zombies (D:5)
  5 rats
201 creatures vanquished.

Vanquished Creatures (others)
  5 toadstools (D:1)
5 creatures vanquished.

Grand Total: 206 creatures vanquished

Notes
Turn   | Place    | Note
-------+----------+-------------------------------------------
     0 | D:1      | gamerape the Octopode Assassin began the quest for the Orb.
     0 | D:1      | Reached XP level 1. HP: 14/14 MP: 1/1
   214 | D:1      | Reached XP level 2. HP: 12/19 MP: 2/2
   227 | D:1      | Reached skill level 6 in Stealth
  1018 | D:1      | Reached XP level 3. HP: 24/24 MP: 3/3
  1601 | D:2      | Reached XP level 4. HP: 29/29 MP: 4/4
  1910 | D:3      | Reached skill level 7 in Stealth
  1943 | D:3      | Found a glowing drain.
  1950 | Sewer    | Entered a sewer
  2000 | Sewer    | Noticed a big kobold
  2021 | Sewer    | Killed a big kobold
  2021 | Sewer    | Reached XP level 5. HP: 26/35 MP: 5/5
  2170 | Sewer    | Noticed a big kobold
  2187 | Sewer    | Killed a big kobold
  2187 | Sewer    | Reached skill level 8 in Stealth
  2240 | Sewer    | Noticed a big kobold
  2247 | Sewer    | Killed a big kobold
  2247 | Sewer    | Reached XP level 6. HP: 41/41 MP: 6/6
  2342 | Sewer    | Reached skill level 9 in Stealth
  2412 | Sewer    | Reached XP level 7. HP: 45/45 MP: 7/7
  2720 | D:3      | Found a glowing silver altar of Zin.
  2729 | D:3      | Found an ancient bone altar of Kikubaaqudgha.
  2730 | D:3      | Found a snail-covered altar of Cheibriados.
  2731 | D:3      | Found a shadowy altar of Dithmenos.
  2747 | D:3      | Became a worshipper of Dithmenos the Shadowed
  3232 | D:3      | Found a deep blue altar of Sif Muna.
  3259 | D:3      | Reached skill level 1 in Invocations
  3266 | D:3      | Reached skill level 10 in Stealth
  3278 | D:3      | Identified Sif Muna's Tome of the Rocks
  3360 | D:4      | Found a staircase to the Ecumenical Temple.
  3490 | D:4      | Reached * piety under Dithmenos
  3850 | D:5      | Entered Level 5 of the Dungeon
  3942 | D:5      | Reached XP level 8. HP: 44/52 MP: 9/9
  4863 | D:5      | Reached ** piety under Dithmenos
  4870 | D:5      | Reached skill level 11 in Stealth
  4983 | D:6      | Reached skill level 5 in Short Blades
  5004 | D:6      | Noticed Edmund
  5019 | D:6      | Killed Edmund
  5160 | D:6      | Reached XP level 9. HP: 59/59 MP: 9/11
  5314 | D:6      | You fall through a shaft!
  5667 | D:7      | Noticed Prince Ribbit
  5714 | D:6      | Killed Prince Ribbit
  5873 | D:7      | Got a steaming helmet
  5874 | D:7      | Identified the cursed +0 helmet of Past Mistakes {rC++} (You found it on level 7 of the Dungeon)
  6355 | D:7      | Found a runed door.
  6359 | D:7      | Noticed Crazy Yiuf
  6368 | D:7      | Killed Crazy Yiuf
  6529 | D:7      | Reached skill level 5 in Fighting
  6891 | D:7      | Identified a +1 rod of ignition (11/11) (You found it on level 7 of the Dungeon)
  7098 | D:8      | Reached *** piety under Dithmenos
  7700 | D:8      | Noticed a death yak
  7700 | D:8      | Reached XP level 10. HP: 52/66 MP: 13/13
  8164 | D:9      | HP: 2/68 [yak (17)]
  8167 | D:9      | Mangled by a yak

Vault maps used:
D:1:      ldierk_walled_garden
D:2:      first_bread
D:3:      minitemple, gup_sewer_entry_bubbles, minivault_19, st_stairs_11,
          led_sif_book
D:6:      uniq_edmund
D:7:      uniq_prince_ribbit1, uniq_crazy_yiuf_cottage
D:8:      argonaut_augean_stables, old_standard_altar
D:9:      overflow_temple_1_default, lair_entry_dummy, hiddenorc1_lemuel,
          basic_altar, uniq_psyche
Sewer:    sewer_co_tree

Skill      XL: |  1  2  3  4  5  6  7  8  9 10 |
---------------+-------------------------------+-----
Stealth        | 6 7 8 9 10 11 | 11.9
Short Blades   | 3 4 5 7 8 |  8.1
Fighting       | 3 4 5 |  5.7
Invocations    | 1 2 4 |  4.5
Throwing       | 3 |  3.7
Dodging        | 2 4 |  4.5

Action                   |  1- 3 |  4- 6 |  7- 9 | 10-12 || total
-------------------------+-------+-------+-------+-------++-------
Melee: Dagger            |    46 |    40 |    82 |       ||   168
       Constrict         |     9 |     6 |    66 |     5 ||    86
       Tentacles         |     4 |     6 |    61 |     5 ||    76
       Short sword       |       |       |   216 |    29 ||   245
 Fire: Blowgun           |     7 |     4 |    31 |       ||    42
  Use: Scroll            |       |     3 |    13 |     2 ||    18
       Potion            |       |       |     4 |       ||     4
 Stab: Sleeping          |    14 |    15 |    42 |       ||    71
       Distracted        |       |       |     3 |     2 ||     5
  Eat: Chunk             |     2 |     3 |    29 |     2 ||    36
Armor: Skin              |     3 |     3 |    15 |     1 ||    22
Dodge: Dodged            |    18 |    13 |   184 |    34 ||   249
